SL
ST. LOUIS COEUR @ GREENVILLE 84S
07/13/2041
 
TOP OF THE 1ST
St. Louis Coeur batting - Pitching for Greenville 84s : RHP Javier Montés
Pitching: RHP Javier Montés
Batting: RHB Guillermo Coss 0-0: Foul Ball, location: 2F
0-1: Foul Ball, location: 2F
0-2: Ground out 3-1 (Groundball, 34, EV 93.1 MPH)
Batting: RHB Jaime Soto 0-0: Ball
1-0: Foul Ball, location: 2F
1-1: Foul Ball, location: 2F
1-2: Foul Ball, location: 2F
1-2: Foul Ball, location: 2F
1-2: Fly out, F8 (Line Drive, 8RM, EV 92.5 MPH)
Batting: LHB Qing-nian Zexian 0-0: Ball
1-0: Foul Ball, location: 2F
1-1: SINGLE (Line Drive, 89S, EV 104.4 MPH)
Batting: RHB Nobuhisa Murakami 0-0: Ball
1-0: Ball
2-0: Ball
3-0: Base on Balls
Qing-nian Zexian to second
Batting: RHB Joel Iyiegbuniwe 0-0: Ball
1-0: Fly out, F9 (Flyball, 89S, EV 81.9 MPH)
Top of the 1st over - 0 runs, 1 hit, 0 errors, 2 left on base; St. Louis 0 - Greenville 0
BOTTOM OF THE 1ST
Greenville 84s batting - Pitching for St. Louis Coeur : RHP Esteban Rodríguez
Pitching: RHP Esteban Rodríguez
Batting: SHB Glyn Bolasky 0-0: Ball
1-0: Foul Ball, location: 2F
1-1: Foul Ball, location: 2F
1-2: Ball
2-2: Fly out, F1 (Popup, 15, EV 75.0 MPH)
Batting: LHB Philip Visscher 0-0: Fly out, F9 (Flyball, 9D, EV 90.0 MPH)
Batting: RHB António Macías 0-0: Called Strike
0-1: Ball
1-1: Called Strike
1-2: SINGLE (Line Drive, 78M, EV 95.0 MPH)
Batting: LHB Chris Payling 0-0: Ball
1-0: Ball
2-0: Ball
3-0: Called Strike
3-1: Ground out 2-3 (Groundball, 2L, EV 70.6 MPH)
Bottom of the 1st over - 0 runs, 1 hit, 0 errors, 1 left on base; St. Louis 0 - Greenville 0
TOP OF THE 2ND
St. Louis Coeur batting - Pitching for Greenville 84s : RHP Javier Montés
Batting: RHB Joe Mueller 0-0: Fly out, F9 (Flyball, 89S, EV 91.9 MPH)
Batting: LHB Harry Cornelis 0-0: Ball
1-0: Ball
2-0: Ground out 4-3 (Groundball, 4, EV 101.2 MPH)
Batting: RHB Ik-jun Cho 0-0: Called Strike
0-1: Ball
1-1: Ball
2-1: Foul Ball, location: 2F
2-2: Ground out 3-1 (Groundball, 3S, EV 68.8 MPH)
Top of the 2nd over - 0 runs, 0 hits, 0 errors, 0 left on base; St. Louis 0 - Greenville 0
BOTTOM OF THE 2ND
Greenville 84s batting - Pitching for St. Louis Coeur : RHP Esteban Rodríguez
Batting: RHB Gil Andersen 0-0: Ball
1-0: Foul Ball, location: 2F
1-1: Foul Ball, location: 2F
1-2: Ball
2-2: Foul Ball, location: 2F
2-2: Ball
3-2: Base on Balls
Batting: LHB Roberts Hamhock 0-0: Called Strike
0-1: Ball
1-1: Swinging Strike
1-2: Strikes out swinging
Batting: LHB Lung Chaim 0-0: Called Strike
0-1: Fielders Choice at 2nd, 2-4 (Groundball, 2L, EV 71.9 MPH)
Batting: RHB Freedon Akinmoladun 0-0: Called Strike
0-1: Ball
1-1: Ball
2-1: Swinging Strike
2-2: Foul Ball, location: 2F
2-2: Ground out 1-3 (Groundball, 15, EV 67.5 MPH)
Bottom of the 2nd over - 0 runs, 0 hits, 0 errors, 1 left on base; St. Louis 0 - Greenville 0
TOP OF THE 3RD
St. Louis Coeur batting - Pitching for Greenville 84s : RHP Javier Montés
Batting: RHB Tabor de Maria 0-0: SINGLE (Groundball, 6MD, EV 94.4 MPH)
Batting: RHB Guillermo Coss 0-0: Swinging Strike
0-1: Fly out, F8 (Flyball, 8RM, EV 94.4 MPH)
Batting: RHB Jaime Soto 0-0: Called Strike
0-1: Ground out 5-3 (Groundball, 56S, EV 68.1 MPH)
Tabor de Maria to second
Batting: LHB Qing-nian Zexian 0-0: Swinging Strike
0-1: Ball
1-1: Ball
2-1: Ball
3-1: SINGLE (Groundball, 34D, EV 110.6 MPH)
Tabor de Maria to third
Runner from 3rd tries for Home, SAFE, no throw by RF
Batting: RHB Nobuhisa Murakami 0-0: Foul Ball, location: 2F
0-1: Called Strike
0-2: Ground out 4-3 (Groundball, 34, EV 106.9 MPH)
Top of the 3rd over - 1 run, 2 hits, 0 errors, 1 left on base; St. Louis 1 - Greenville 0
BOTTOM OF THE 3RD
Greenville 84s batting - Pitching for St. Louis Coeur : RHP Esteban Rodríguez
Batting: RHB Nick Bechtel 0-0: Called Strike
0-1: Hit by Pitch
Batting: SHB Glyn Bolasky 0-0: Called Strike
0-1: Ball
1-1: Foul Ball, location: 2F
1-2: Foul Ball, location: 2F
1-2: Foul Ball, location: 2F
1-2: Ball
2-2: Foul Ball, location: 2F
2-2: Ball
3-2: Strikes out swinging
Batting: LHB Philip Visscher 0-0: Swinging Strike
0-1: Ball
1-1: Called Strike
1-2: 2-RUN HOME RUN (Flyball, 8LXD, EV 106.2 MPH), Distance : 434 ft
Batting: RHB António Macías 0-0: SOLO HOME RUN (Flyball, 7D, EV 110.0 MPH), Distance : 378 ft
Batting: LHB Chris Payling 0-0: Reached on error, E3 (Groundball, 3, EV 97.5 MPH)
Batting: RHB Gil Andersen 0-0: Ball
1-0: Grounds into double play, 5-4-3 (Groundball, 5, EV 93.1 MPH)
Bottom of the 3rd over - 3 runs, 2 hits, 1 error, 0 left on base; St. Louis 1 - Greenville 3
TOP OF THE 4TH
St. Louis Coeur batting - Pitching for Greenville 84s : RHP Javier Montés
Batting: RHB Joel Iyiegbuniwe 0-0: Called Strike
0-1: SINGLE (Groundball, 6MD, EV 103.1 MPH)
Batting: RHB Joe Mueller 0-0: Ball
Joel Iyiegbuniwe steals 2nd base (no throw)
1-0: Called Strike
1-1: Swinging Strike
1-2: Foul Ball, location: 2F
1-2: Reached on error, E3 (Groundball, 34, EV 85.0 MPH)
Joel Iyiegbuniwe to third
Batting: LHB Harry Cornelis 0-0: Foul Ball, location: 2F
0-1: Called Strike
0-2: Fielders Choice at 2nd, 6-4 (Groundball, 6M, EV 85.0 MPH)
Joel Iyiegbuniwe scores
Batting: RHB Ik-jun Cho 0-0: Called Strike
0-1: Ball
1-1: Grounds into double play, 4-6-3 (Groundball, 4, EV 79.4 MPH)
Top of the 4th over - 1 run, 1 hit, 1 error, 0 left on base; St. Louis 2 - Greenville 3
BOTTOM OF THE 4TH
Greenville 84s batting - Pitching for St. Louis Coeur : RHP Esteban Rodríguez
Batting: LHB Roberts Hamhock 0-0: Foul Ball, location: 2F
0-1: Foul Ball, location: 2F
0-2: Ball
1-2: Foul Ball, location: 2F
1-2: Foul Ball, location: 2F
1-2: SINGLE (Groundball, 34S, EV 86.9 MPH) (infield hit)
Batting: LHB Lung Chaim 0-0: Ball
1-0: Ball
2-0: Called Strike
2-1: Fly out, F3 (Line Drive, 3, EV 70.6 MPH)
Batting: RHB Freedon Akinmoladun 0-0: Fly out, F9 (Flyball, 89XD, EV 97.5 MPH)
Batting: RHB Nick Bechtel 0-0: Ball
1-0: Ball
2-0: Ground out 1-3 (Groundball, 13, EV 88.1 MPH)
Bottom of the 4th over - 0 runs, 1 hit, 0 errors, 1 left on base; St. Louis 2 - Greenville 3
TOP OF THE 5TH
St. Louis Coeur batting - Pitching for Greenville 84s : RHP Javier Montés
Batting: RHB Tabor de Maria 0-0: Called Strike
0-1: Swinging Strike
0-2: Fly out, F9 (Flyball, 89M, EV 92.5 MPH)
Batting: RHB Guillermo Coss 0-0: Foul Ball, location: 2F
0-1: Foul Ball, location: 2F
0-2: Ball
1-2: Ball
2-2: Ball
3-2: Foul Ball, location: 2F
3-2: Strikes out looking
Batting: RHB Jaime Soto 0-0: Swinging Strike
0-1: Foul Ball, location: 2F
0-2: SOLO HOME RUN (Line Drive, 78XD, EV 101.9 MPH), Distance : 415 ft
Batting: LHB Qing-nian Zexian 0-0: Ball
1-0: SOLO HOME RUN (Flyball, 7D, EV 109.4 MPH), Distance : 383 ft
Batting: RHB Nobuhisa Murakami 0-0: Ball
1-0: Called Strike
1-1: Called Strike
1-2: SOLO HOME RUN (Flyball, 7D, EV 104.4 MPH), Distance : 363 ft
Batting: RHB Joel Iyiegbuniwe 0-0: Ball
1-0: Called Strike
1-1: Swinging Strike
1-2: Ball
2-2: Ground out 5-3 (Groundball, 5S, EV 74.4 MPH)
Top of the 5th over - 3 runs, 3 hits, 0 errors, 0 left on base; St. Louis 5 - Greenville 3
BOTTOM OF THE 5TH
Greenville 84s batting - Pitching for St. Louis Coeur : RHP Esteban Rodríguez
Batting: SHB Glyn Bolasky 0-0: Ball
1-0: Called Strike
1-1: Called Strike
1-2: SINGLE (Groundball, 4MD, EV 100.6 MPH)
Batting: LHB Philip Visscher 0-0: Called Strike
0-1: Ball
1-1: Ball
2-1: Foul Ball, location: 2F
2-2: Foul Ball, location: 2F
2-2: Foul Ball, location: 2F
2-2: Grounds into double play, 4-6-3 (Groundball, 4, EV 103.1 MPH)
Batting: RHB António Macías 0-0: Called Strike
0-1: Ball
1-1: Ball
2-1: Foul Ball, location: 2F
2-2: Foul Ball, location: 2F
2-2: Foul Ball, location: 2F
2-2: Foul Ball, location: 2F
2-2: Fly out, F8 (Line Drive, 8LD, EV 95.6 MPH)
Bottom of the 5th over - 0 runs, 1 hit, 0 errors, 0 left on base; St. Louis 5 - Greenville 3
TOP OF THE 6TH
St. Louis Coeur batting - Pitching for Greenville 84s : RHP Javier Montés
Batting: RHB Joe Mueller 0-0: Ground out 6-3 (Groundball, 56, EV 105.0 MPH)
Batting: LHB Harry Cornelis 0-0: Ball
1-0: Called Strike
1-1: Fly out, F9 (Line Drive, 9, EV 91.9 MPH)
Batting: RHB Ik-jun Cho 0-0: Ball
1-0: Ball
2-0: Called Strike
2-1: Foul Ball, location: 2F
2-2: Ball
3-2: Ground out 2-3 (Groundball, 2R, EV 66.2 MPH)
Top of the 6th over - 0 runs, 0 hits, 0 errors, 0 left on base; St. Louis 5 - Greenville 3
BOTTOM OF THE 6TH
Greenville 84s batting - Pitching for St. Louis Coeur : RHP Esteban Rodríguez
Batting: LHB Chris Payling 0-0: Foul Ball, location: 2F
0-1: Swinging Strike
0-2: Foul Ball, location: 2F
0-2: Ground out U3 (Groundball, 3, EV 83.8 MPH)
Batting: RHB Gil Andersen 0-0: Called Strike
0-1: Foul Ball, location: 2F
0-2: Ball
1-2: Ball
2-2: Strikes out swinging
Batting: LHB Roberts Hamhock 0-0: Called Strike
0-1: Ground out U3 (Groundball, 3, EV 89.4 MPH)
Bottom of the 6th over - 0 runs, 0 hits, 0 errors, 0 left on base; St. Louis 5 - Greenville 3
TOP OF THE 7TH
St. Louis Coeur batting - Pitching for Greenville 84s : RHP Javier Montés
Pitching: LHP Ramon Wuilink
Batting: RHB Tabor de Maria 0-0: Ball
1-0: Swinging Strike
1-1: Foul Ball, location: 2F
1-2: Strikes out swinging
Batting: RHB Guillermo Coss 0-0: Called Strike
0-1: SINGLE (Groundball, 4D, EV 95.0 MPH)
Batting: RHB Jaime Soto 0-0: Ball
1-0: Swinging Strike
1-1: Ball
2-1: Swinging Strike
2-2: SINGLE (Groundball, 4D, EV 94.4 MPH)
Guillermo Coss to second
Runner from 2nd tries for 3rd, SAFE, no throw by CF
Batting: LHB Qing-nian Zexian 0-0: Called Strike
0-1: Ground out U3 (Groundball, 3L, EV 85.6 MPH)
Jaime Soto to second
Batting: RHB Nobuhisa Murakami 0-0: Called Strike
0-1: Ball
1-1: SINGLE (Line Drive, 89M, EV 105.0 MPH)
Guillermo Coss scores
Jaime Soto to third
Runner from 3rd tries for Home, SAFE, throw by CF to home
Batting: RHB Joel Iyiegbuniwe 0-0: Swinging Strike
0-1: Foul Ball, location: 2F
0-2: Foul Ball, location: 2F
0-2: Foul Ball, location: 2F
0-2: SINGLE (Groundball, 6MD, EV 104.4 MPH)
Nobuhisa Murakami to second
Runner from 2nd tries for 3rd, SAFE, no throw by CF
Batting: RHB Joe Mueller 0-0: Ball
1-0: Ball
2-0: Fly out, F8 (Line Drive, 8RD, EV 91.9 MPH)
Top of the 7th over - 2 runs, 4 hits, 0 errors, 2 left on base; St. Louis 7 - Greenville 3
BOTTOM OF THE 7TH
Greenville 84s batting - Pitching for St. Louis Coeur : RHP Esteban Rodríguez
Batting: LHB Lung Chaim 0-0: Called Strike
0-1: Called Strike
0-2: Ball
1-2: Ball
2-2: Ball
3-2: DOUBLE (Line Drive, 78XD, EV 112.5 MPH)
Pitching: RHP Szekeres Panna
Batting: RHB Freedon Akinmoladun 0-0: Called Strike
0-1: Ball
1-1: Fly out, F8 (Line Drive, 8RM, EV 96.9 MPH)
Batting: RHB Nick Bechtel 0-0: Ground out 5-3 (Groundball, 5, EV 93.8 MPH)
Batting: SHB Glyn Bolasky 0-0: Called Strike
0-1: Swinging Strike
0-2: Ball
1-2: Foul Ball, location: 2F
1-2: Ball
2-2: Ground out 4-3 (Groundball, 34, EV 106.2 MPH)
Bottom of the 7th over - 0 runs, 1 hit, 0 errors, 1 left on base; St. Louis 7 - Greenville 3
TOP OF THE 8TH
St. Louis Coeur batting - Pitching for Greenville 84s : LHP Ramon Wuilink
Batting: LHB Harry Cornelis 0-0: Ball
1-0: Ground out 1-3 (Groundball, P, EV 81.9 MPH)
Batting: RHB Ik-jun Cho 0-0: Ball
1-0: Swinging Strike
1-1: Called Strike
1-2: Ball
2-2: SINGLE (Flyball, 78M, EV 83.8 MPH)
Pitching: LHP Nees Stroo
Batting: RHB Tabor de Maria 0-0: Foul Ball, location: 2F
0-1: Ball
1-1: Foul Ball, location: 2F
1-2: Fly out, F8 (Flyball, 89M, EV 91.9 MPH)
Batting: RHB Guillermo Coss 0-0: Ball
1-0: Ball
2-0: Ball
3-0: Called Strike
3-1: SINGLE (Line Drive, 8LS, EV 105.0 MPH)
Ik-jun Cho to second
Batting: RHB Jaime Soto 0-0: Called Strike
0-1: Ball
1-1: Ball
2-1: Foul Ball, location: 2F
2-2: Fielders Choice at 2nd, 6-4 (Groundball, 6, EV 79.4 MPH)
Top of the 8th over - 0 runs, 2 hits, 0 errors, 2 left on base; St. Louis 7 - Greenville 3
BOTTOM OF THE 8TH
Greenville 84s batting - Pitching for St. Louis Coeur : RHP Szekeres Panna
Batting: LHB Philip Visscher 0-0: Foul Ball, location: 2F
0-1: Ball
1-1: Ground out 4-3 (Groundball, 4M, EV 85.6 MPH)
Batting: RHB António Macías 0-0: Ball
1-0: Called Strike
1-1: SINGLE (Groundball, 6MD, EV 108.1 MPH)
Batting: LHB Chris Payling 0-0: SINGLE (Groundball, 6MD, EV 108.8 MPH)
António Macías to second
Batting: RHB Gil Andersen 0-0: Called Strike
0-1: Foul Ball, location: 2F
0-2: Fly out, F9 (Flyball, 9LS, EV 71.2 MPH)
Batting: LHB Roberts Hamhock 0-0: Called Strike
0-1: Foul Ball, location: 2F
0-2: Ball
1-2: Ball
2-2: Strikes out swinging, 2-3 out at first.
Bottom of the 8th over - 0 runs, 2 hits, 0 errors, 2 left on base; St. Louis 7 - Greenville 3
TOP OF THE 9TH
St. Louis Coeur batting - Pitching for Greenville 84s : LHP Nees Stroo
Batting: LHB Qing-nian Zexian 0-0: Ball
1-0: Called Strike
1-1: Called Strike
1-2: Fly out, F3 (Popup, 3S, EV 79.4 MPH)
Batting: RHB Nobuhisa Murakami 0-0: Ball
1-0: Ground out 6-3 (Groundball, 6, EV 78.1 MPH)
Batting: RHB Joel Iyiegbuniwe 0-0: Ground out 1-3 (Groundball, 23, EV 68.1 MPH)
Top of the 9th over - 0 runs, 0 hits, 0 errors, 0 left on base; St. Louis 7 - Greenville 3
BOTTOM OF THE 9TH
Greenville 84s batting - Pitching for St. Louis Coeur : RHP Szekeres Panna
Batting: LHB Lung Chaim 0-0: Foul Ball, location: 2F
0-1: Foul Ball, location: 2F
0-2: Foul Ball, location: 2F
0-2: DOUBLE (Line Drive, 89XD, EV 106.2 MPH)
Batting: RHB Freedon Akinmoladun 0-0: Ball
1-0: Ball
2-0: Called Strike
2-1: Ball
3-1: Fly out, F3 (Popup, 3SF, EV 70.6 MPH)
Batting: RHB Nick Bechtel 0-0: Swinging Strike
0-1: Foul Ball, location: 2F
0-2: Ball
1-2: Ball
2-2: Ground out 6-3 (Groundball, 56, EV 85.6 MPH)
Batting: SHB Glyn Bolasky 0-0: Foul Ball, location: 2F
0-1: Foul Ball, location: 2F
0-2: Foul Ball, location: 2F
0-2: Ball
1-2: Ground out 4-3 (Groundball, 4, EV 83.8 MPH)
Bottom of the 9th over - 0 runs, 1 hit, 0 errors, 1 left on base; St. Louis 7 - Greenville 3
Tuesday, January 5th, 2021 - OOTP Baseball 20.8 Build 74